Map: 乌雷纳

Players

shengy - Winner!

  • Race: Zerg Zerg
  • League: Platinum

Onyx

  • Race: Terran Terran
  • League: Platinum

VOD

Have the link to the VOD?

Description

Time

  • Played on: Dec. 27, 2015, 4:37 p.m.
  • Length: 4:47
Show
View Real Time Build Order
Export as new Build Order

shengy Zerg - Winner!

Build Orders: Hatch First 

Get SALT Encoding   

  12  0:01  Drone  
  13  0:10  Drone  
  14  0:18  Overlord  
  14  0:36  Drone x3  
  17  0:47  Drone  
  18  0:58  Hatchery  
  18  1:03  Drone  
  18  1:18  Spawning Pool  
  17  1:29  Drone x2, Extractor  
  18  1:37  Overlord  
  18  2:06  Spine Crawler, Zergling x4  
  18  2:07  Zergling x2  
  18  2:08  Queen  
  22  2:13  Queen  
  24  2:28  Spine Crawler  
  23  2:34  Metabolic Boost  
  23  2:41  Spine Crawler, Zergling x4  
  24  2:53  Baneling Nest  
  23  2:58  Drone  
  24  3:14  Drone x2  
  24  3:15  Drone  
  27  3:34  Overlord  
  27  3:38  Zergling x8  
  30  3:42  Baneling  
  30  3:43  Baneling x3  
  30  3:52  Zergling x4  
  30  4:27  Zergling x2, Overlord  
  30  4:28  Zergling x14  
Show
View Real Time Build Order
Export as new Build Order

Onyx Terran 

Build Orders:  

Get SALT Encoding   

  12  0:01  SCV  
  13  0:13  SCV  
  14  0:18  Supply Depot  
  14  0:25  SCV  
  15  0:42  Barracks  
  15  0:43  SCV  
  15  0:49  Supply Depot  
  16  0:55  SCV  
  17  1:00  Refinery  
  17  1:07  SCV  
  18  1:25  Barracks  
  18  1:28  SCV  
  18  1:30  Marine  
  20  1:41  Barracks  
  20  1:47  Orbital Command  
  20  1:51  Barracks Tech Lab  
  20  2:12  Marine  
  20  2:14  Barracks Reactor  
  21  2:19  Barracks  
  21  2:23  SCV  
  22  2:31  Marine  
  22  2:32  Barracks Reactor  
  23  2:37  Supply Depot  
  23  2:38  SCV  
  24  2:49  Marauder  
  24  2:50  Marine x2  
  28  2:59  Supply Depot  
  28  3:05  Barracks Reactor  
  28  3:09  Refinery  
  28  3:10  Marine x2  
  28  3:11  Marine x2  
  32  3:15  Marauder  
  34  3:25  Supply Depot  
  34  3:27  Concussive Shells  
  34  3:28  Marine x2  
  34  3:29  Marine x2  
  38  3:36  Marauder  
  40  3:42  Marine  
  40  3:45  Marine  
  40  3:46  Marine x2  
  44  3:54  Marine x2  
  46  3:57  Marine  
Tags
 
Add a new tag
Caveats
  • Supply blocks, unpowered buildings, or Contaminate may cause inaccurate times.
  • Supply counts are checked every 10 seconds.